 Dungeon Crawl Stone Soup version 0.23-a0-167-gf92cf62f8f (webtiles) character file.

28656 PikkenKukken the Slicer (level 13, -3/69 HPs)
             Began as a Vine Stalker Fighter on Sept 11, 2018.
             Was a Follower of Uskayaw.
             Slain by a komodo dragon (5 damage)
             ... on level 3 of the Lair of Beasts.
             The game lasted 00:22:05 (11642 turns).

PikkenKukken the Slicer (Vine Stalker Fighter)     Turns: 11642, Time: 00:22:07

Health: -3/69      AC: 16    Str: 21    XL:     13   Next: 40%
Magic:  0/19       EV:  9    Int:  6    God:    Uskayaw [*.....]
Gold:   1264       SH: 13    Dex: 17    Spells: 12/12 levels left

rFire    . . .     SeeInvis .   F - +2 dagger (speed)
rCold    . . .     Gourm    .   c - +1 shield
rNeg     . . .     Faith    .   A - +0 plate armour
rPois    +         Spirit   +   (no helmet)
rElec    .         Reflect  .   r - +0 cloak
rCorr    .         Harm     .   (no gloves)
MR       +....                  n - +0 pair of boots
Stlth    ..........             q - amulet of regeneration
HPRegen  1.41/turn              b - ring of poison resistance
MPRegen  0.16/turn              g - -2 ring of intelligence (curse)

@: about to teleport
A: fangs 3, regeneration 2, magic shield, antimagic bite, no potion heal 3, rot
immunity
a: Stomp, Renounce Religion


You were on level 3 of the Lair of Beasts.
You worshipped Uskayaw.
Uskayaw was noncommittal.
You were not hungry.

You visited 3 branches of the dungeon, and saw 15 of its levels.
You also visited: Bailey.

You collected 1264 gold pieces.

Inventory:

Hand Weapons
 a - a +0 rapier of flaming
 e - a +1 dagger of draining
 F - a +2 dagger of speed (weapon)
Armour
 c - a +1 shield (worn)
 n - a +0 pair of boots (worn)
 r - a +0 cloak (worn)
 s - a +0 chain mail
 A - a +0 plate armour (worn)
Jewellery
 b - a ring of poison resistance (left hand)
 g - a cursed -2 ring of intelligence (right hand)
 o - an uncursed ring of protection from cold
 q - an amulet of regeneration (around neck)
 B - an uncursed amulet of the gourmand {unknown}
 H - an uncursed ring of ice
 I - a cursed amulet of inaccuracy {unknown}
Wands
 u - a wand of paralysis (26)
 C - a wand of flame (24)
 G - a wand of random effects (36)
 J - a wand of scattershot (2)
Scrolls
 h - a scroll of silence
 j - 3 scrolls of amnesia
 l - 3 scrolls of enchant armour
 y - 3 scrolls of magic mapping
 D - 2 scrolls of teleportation
Potions
 d - 3 potions of might
 i - 3 potions of lignification
 k - a potion of magic
 m - a potion of berserk rage
 p - 6 potions of curing
 t - a potion of mutation
 v - 2 potions of ambrosia {unknown}
 x - 3 potions of cancellation
 z - a potion of invisibility {unknown}
 E - a potion of haste {unknown}
 L - a potion of brilliance {unknown}
 M - a potion of flight {unknown}
Miscellaneous
 w - a sack of spiders
Comestibles
 f - 22 rations
 K - 19 chunks of flesh


   Skills:
 + Level 8.6 Fighting
 * Level 11.4 Short Blades
 + Level 7.9 Armour
 + Level 7.3 Dodging
 + Level 8.6 Shields
 + Level 6.7 Invocations


You had 12 spell levels left.
You didn't know any spells.
Your spell library contained the following spells:

 Spells                   Type           Power        Failure   Level  Hunger
 Beastly Appendage        Tmut           #.....       100%        1    ##.....
 Shock                    Conj/Air       #...         100%        1    ##.....
 Sticks to Snakes         Tmut           #.......     100%        2    ###....
 Swiftness                Chrm/Air       #.......     100%        2    ###....
 Spider Form              Tmut/Pois      #.........   100%        3    ####...
 Static Discharge         Conj/Air       #.......     100%        3    ####...
 Airstrike                Air            #.........   100%        4    #####..
 Ice Form                 Ice/Tmut       #.......     100%        4    #####..
 Blade Hands              Tmut           #.........   100%        5    ######.
 Lightning Bolt           Conj/Air       #.........   100%        5    ######.


Dungeon Overview and Level Annotations

Branches:
Dungeon (10/15)            Temple (1/1) D:6            Lair (4/6) D:8
  Swamp (0/4) Lair:3        Snake (0/4) Lair:2          Orc (0/2) D:10

Altars:
Ashenzari
Cheibriados
Dithmenos
Elyvilon
Fedhas
Gozag
Hepliaklqana
Kikubaaqudgha
Makhleb
Nemelex Xobeh
Okawaru
Qazlal
Ru
Sif Muna
Trog
Uskayaw
Vehumet
Wu Jian
Xom
Yredelemnul
Zin
The Shining One

Shops:
D:4 (   D:8 *

Portals:
Trove: D:10 (give horn of Geryon)

Annotations:
D:7 4 runed doors
Lair:1 3 runed doors, Ixohegik's ghost, journeyman DrEE


Innate Abilities, Weirdness & Mutations

You have razor-sharp teeth.
You heal very quickly.
When hurt, damage is shared between your health and your magic reserves.
Your bite disrupts and absorbs the magic of your enemies.
Potions cannot restore your health.
You are immune to rotting.


Message History

You block the wyvern's attack.
You see here a potion of heal wounds.
You block the wyvern's attack. You block the wyvern's attack.
There is a stone staircase leading up here.
You block the wyvern's attack.
The hippogriff bites you but does no damage.
The hippogriff pecks you but does no damage.
The hippogriff claws you but does no damage.
The komodo dragon bites you!!
* * * LOW HITPOINT WARNING * * *
You climb upwards.
There is a stone staircase leading down here.
As you read the scroll of teleportation, it crumbles to dust.
You feel strangely unstable. The wyvern bites you!
* * * LOW HITPOINT WARNING * * *
The hippogriff bites you but does no damage.
The hippogriff barely misses you. You block the hippogriff's attack.
The komodo dragon bites you.
You die...

..##....#...#.................P#
P.##........##................##
P.P#...#..####....##......##...#
.....÷....##P.......###..#....##
.......<..........#..###.#.....#
..............................##
...............................#
.................H............##
................@l..###.##.....#
##.....(#P.####l....##..###....#
#.#....###.####..........##...##
.#.....##...........##...##...#
§#.....###...##..........#....#
≈##.....#...........##...##...##
≈≈.....##....#......#.........P#
≈.#.................##.........#
.≈.....P.#..#.#.....##...##....#


You could see a komodo dragon, a hippogriff and a wyvern.

Vanquished Creatures
  Gastronok (Lair:1)
  Fannar (Lair:2)
  5 hydras
  A two-headed ogre (D:10)
  A queen ant (Lair:2)
  A death yak (Lair:4)
  Nergalle (D:10)
  2 orc knights (Bailey)
  A cyclops (D:7)
  2 black mambas
  Psyche (D:10)
  A centaur skeleton (D:10)
  3 spiny frogs
  3 komodo dragons
  A hornet (D:9)
  5 blink frogs (Lair:2)
  8 hippogriffs
  A wyvern (Lair:4)
  A human (D:7)
  17 yaks
  A hungry ghost (D:10)
  Grum (D:10)
  2 hogs (D:7)
  A basilisk (Lair:3)
  4 vampire mosquitoes (D:10)
  20 soldier ants (Lair:2)
  Duvessa (D:6)
  6 water moccasins
  5 porcupines
  4 orc warriors
  2 black bears
  An ice beast (D:6)
  2 necrophages
  3 phantoms
  A sky beast (D:10)
  8 ogres
  5 centaurs
  11 wolves
  5 crocodiles
  12 bullfrogs
  Dowan (D:6)
  A water moccasin zombie (D:6)
  A scorpion (D:8)
  10 killer bees (D:7)
  A wight (D:7)
  2 howler monkeys
  2 crimson imps
  2 quasits (D:8)
  2 hounds
  A jelly (D:8)
  2 bullfrog zombies
  4 orc priests
  3 orc wizards
  A bullfrog skeleton (D:5)
  Crazy Yiuf (D:3)
  2 iguanas
  24 worker ants
  A hound skeleton (D:9)
  3 worker ant zombies
  A howler monkey zombie (D:9)
  10 gnolls
  18 adders
  2 shadow imps
  An adder zombie (D:8)
  2 worms
  2 dart slugs (D:3)
  2 leopard geckos
  48 orcs
  3 ball pythons
  6 giant cockroaches
  11 goblins
  11 hobgoblins
  17 jackals
  16 kobolds
  5 quokkas
  13 bats
  6 frilled lizards
  A leopard gecko skeleton (D:7)
  A quokka skeleton (D:8)
  7 rats
399 creatures vanquished.

Vanquished Creatures (others)
  A bush (Lair:1)
  A fungus (Lair:2)
2 creatures vanquished.

Grand Total: 401 creatures vanquished

Notes
Turn   | Place    | Note
-------+----------+-------------------------------------------
     0 | D:1      | PikkenKukken the Vine Stalker Fighter began the quest for
                  | the Orb.
     0 | D:1      | Reached XP level 1. HP: 11/11 MP: 2/2
    59 | D:1      | Reached skill level 2 in Short Blades
    59 | D:1      | Reached XP level 2. HP: 16/16 MP: 3/3
   404 | D:1      | Reached XP level 3. HP: 19/19 MP: 4/4
   763 | D:2      | Noticed a phantom
   871 | D:2      | Found a hazy altar of Hepliaklqana.
   879 | D:2      | Reached skill level 1 in Dodging
  1058 | D:2      | Gained mutation: Your natural rate of healing is unusually
                  | fast. [Vine Stalker growth]
  1058 | D:2      | Reached XP level 4. HP: 23/24 MP: 5/5
  1376 | D:2      | Killed a phantom
  1376 | D:2      | Reached skill level 3 in Short Blades
  1376 | D:2      | Reached XP level 5. HP: 15/28 MP: 4/6
  1749 | D:3      | Reached XP level 6. HP: 32/32 MP: 7/7
  1973 | D:3      | Found a runed door.
  2158 | D:3      | Noticed Crazy Yiuf
  2165 | D:3      | Killed Crazy Yiuf
  2269 | D:4      | Reached skill level 4 in Short Blades
  2269 | D:4      | Reached XP level 7. HP: 14/37 MP: 8/8
  2344 | D:4      | Found Liannuutz's Weapon Shoppe.
  2680 | D:5      | Entered Level 5 of the Dungeon
  2822 | D:5      | Found an iron altar of Okawaru.
  3534 | D:5      | Gained mutation: You have razor-sharp teeth. [Vine Stalker
                  | growth]
  3534 | D:5      | Reached XP level 8. HP: 42/42 MP: 9/9
  3653 | D:6      | Reached skill level 5 in Short Blades
  3667 | D:6      | Found a staircase to the Ecumenical Temple.
  3702 | Temple   | Entered the Ecumenical Temple
  3815 | Temple   | Became a worshipper of Uskayaw the Reveler
  3875 | D:6      | Reached * piety under Uskayaw
  3889 | D:6      | Reached ** piety under Uskayaw
  3946 | D:6      | Reached *** piety under Uskayaw
  3949 | D:6      | Reached **** piety under Uskayaw
  3955 | D:6      | Reached ***** piety under Uskayaw
  4012 | D:6      | Reached skill level 6 in Short Blades
  4030 | D:6      | Reached XP level 9. HP: 23/46 MP: 10/10
  4030 | D:6      | Reached ****** piety under Uskayaw
  4036 | D:6      | Reached skill level 5 in Fighting
  4036 | D:6      | Reached skill level 5 in Shields
  4164 | D:6      | Noticed Duvessa
  4166 | D:6      | Noticed Dowan
  4183 | D:6      | Killed Duvessa
  4186 | D:6      | Killed Dowan
  4262 | D:6      | Found a blossoming altar of Fedhas.
  4769 | D:7      | Reached skill level 5 in Armour
  4769 | D:7      | Reached skill level 7 in Short Blades
  4888 | D:7      | Found a large runed door.
  4888 | D:7      | Found a large runed door.
  4908 | D:7      | Found a large runed door.
  4908 | D:7      | Found a large runed door.
  5098 | D:7      | Reached XP level 10. HP: 53/53 MP: 11/11
  5256 | D:7      | Reached skill level 1 in Invocations
  5444 | D:7      | Noticed a cyclops
  5445 | D:7      | Reached skill level 8 in Short Blades
  5455 | D:7      | Killed a cyclops
  5753 | D:8      | Found an ornate altar of the Wu Jian Council.
  5866 | D:8      | Found a staircase to the Lair.
  6058 | D:8      | Found Megirhu's General Store.
  6134 | D:9      | Reached skill level 5 in Dodging
  6269 | D:9      | Found a shadowy altar of Dithmenos.
  6345 | D:9      | Found a flagged portal.
  6351 | Bailey   | Entered a bailey
  6410 | Bailey   | Noticed an orc knight
  6410 | Bailey   | Noticed an orc knight
  6432 | Bailey   | Killed an orc knight
  6433 | Bailey   | Found a burning altar of Makhleb.
  6530 | Bailey   | Killed an orc knight
  6717 | D:9      | Found a glowing silver altar of Zin.
  6796 | D:9      | Reached XP level 11. HP: 57/58 MP: 14/14
  7028 | D:9      | Reached skill level 9 in Short Blades
  7468 | D:10     | Entered Level 10 of the Dungeon
  7468 | D:10     | Noticed Psyche
  7479 | D:10     | Killed Psyche
  7573 | D:10     | Found a staircase to the Orcish Mines.
  7664 | D:10     | Noticed a two-headed ogre
  7679 | D:10     | Killed a two-headed ogre
  7680 | D:10     | Found a portal to a secret trove of treasure.
  8025 | D:10     | Noticed Grum
  8033 | D:10     | Killed Grum
  8172 | D:10     | Noticed Nergalle
  8228 | D:10     | Killed Nergalle
  8520 | Lair:1   | Entered Level 1 of the Lair of Beasts
  8590 | Lair:1   | Noticed a six-headed hydra
  8602 | Lair:1   | Killed a six-headed hydra
  8662 | Lair:1   | Noticed a five-headed hydra
  8675 | Lair:1   | Killed a five-headed hydra
  8675 | Lair:1   | Reached skill level 10 in Short Blades
  8675 | Lair:1   | Gained mutation: You heal very quickly. [Vine Stalker
                  | growth]
  8675 | Lair:1   | Reached XP level 12. HP: 63/63 MP: 16/16
  8734 | Lair:1   | Noticed Gastronok
  8755 | Lair:1   | Killed Gastronok
  8755 | Lair:1   | Reached skill level 5 in Invocations
  8760 | Lair:1   | Found a runed gate.
  8900 | Lair:1   | Found a runed gate.
  8901 | Lair:1   | Found a runed gate.
  8903 | Lair:1   | Noticed Ixohegik's ghost (journeyman DrEE)
  9488 | Lair:2   | Found a staircase to the Snake Pit.
  9507 | Lair:2   | Noticed Fannar
  9538 | Lair:2   | Killed Fannar
  9642 | Lair:2   | Noticed a queen ant
  9714 | Lair:2   | Killed a queen ant
  9764 | Lair:2   | Noticed a five-headed hydra
  9785 | Lair:2   | Killed a five-headed hydra
 10188 | Lair:2   | Reached skill level 11 in Short Blades
 10192 | Lair:2   | Reached XP level 13. HP: 60/68 MP: 18/18
 10970 | Lair:3   | Found a staircase to the Swamp.
 11624 | Lair:4   | HP: 2/69 [electric eel/bolt of electricity (5)]
 11642 | Lair:3   | HP: 2/69 [wyvern (6)]
 11642 | Lair:3   | Slain by a komodo dragon

Vault maps used:
D:1:      minmay_arrival_stair_chambers, minmay_misc_feat_rows, hex_large
D:2:      lemuel_doored_altar, kennysheep_potato
D:3:      first_ration, minmay_large_rounded_square, uniq_crazy_yiuf_cottage
D:4:      serial_shops, shop, minmay_misc_feat_pillars
D:5:      okawaru_gym_becter
D:6:      minmay_opposing_rooms, fedhas_altar_2, temple_statues, uniq_duvessa
D:7:      grunt_livestock, minmay_hollow_rounded_squares
D:8:      old_standard_altar, dpeg_oklobed_lair, serial_shops, shop
D:9:      nicolae_overflow_crystal_walls, grunt_dithmenos_smoke, enter_bailey_2
D:10:     orc_0_dummy, enter_trove_1, special_room, uniq_psyche, uniq_nergalle,
          uniq_grum
Temple:   nicolae_temple_elliptical
Lair:1:   gammafunk_ghost_necromancy, grunt_megastairs_1, uniq_gastronok
Lair:2:   dummy_snake_entry, minivault_29, infiniplex_staircase_pool_2,
          uniq_fannar
Lair:3:   swamp_mist_pool, grunt_megastairs_3
Lair:4:   grunt_megastairs_4
Bailey:   bailey_axe_3, bailey

Skill      XL: |  1  2  3  4  5  6  7  8  9 10 11 12 |
---------------+-------------------------------------+-----
Short Blades   | 2 3 4 6 7 8 10 11 | 11.4
Dodging        | 1 2 3 4 5 6 7 |  7.3
Fighting       | 3 4 5 6 7 8 |  8.6
Shields        | 3 4 5 6 7 8 |  8.6
Armour         | 3 4 5 6 7 |  7.9
Invocations    | 3 4 6 |  6.7

Action                   |  1- 3 |  4- 6 |  7- 9 | 10-12 | 13-15 || total
-------------------------+-------+-------+-------+-------+-------++-------
Melee: Dagger            |    88 |   199 |   206 |   947 |   245 ||  1685
       Rapier            |     5 |       |   156 |   159 |       ||   320
       Bite              |    17 |    66 |   149 |   469 |   105 ||   806
Invok: Line Pass         |       |       |       |     1 |       ||     1
       Grand Finale      |       |       |       |     1 |       ||     1
Evoke: Wand              |       |       |       |    15 |       ||    15
  Use: Scroll            |     6 |     1 |     5 |     6 |     3 ||    21
 Stab: Paralysed         |       |       |    10 |    50 |    12 ||    72
  Eat: Chunk             |       |     5 |     6 |    16 |     4 ||    31
       Ration            |       |       |     1 |     1 |       ||     2
Armor: Scale mail        |    35 |    64 |    14 |       |       ||   113
       Chain mail        |       |       |    90 |    69 |       ||   159
       Plate armour      |       |       |       |   186 |    45 ||   231
Dodge: Dodged            |    24 |    50 |    82 |   186 |    39 ||   381
Block: Shield            |    38 |    97 |   186 |   421 |    73 ||   815

Table legend:
 A = Non-vault XP
 B = Vault XP
 C = Vault XP percentage of total XP
 D = Non-vault monster count
 E = Vault monster count
 F = Vault count percentage of total count
                 A         B        C        D         E       F
            +---------+---------+-------+---------+---------+-------
      Total |   25916 |   15022 |  36.7 |     278 |     121 |  30.3
            +---------+---------+-------+---------+---------+-------
        D:1 |      52 |       0 |   0.0 |      24 |       0 |   0.0
        D:2 |     202 |      19 |   8.6 |      31 |       3 |   8.8
        D:3 |     111 |      37 |  25.0 |      28 |       1 |   3.4
        D:4 |     596 |       0 |   0.0 |      16 |       0 |   0.0
        D:5 |     189 |       0 |   0.0 |       5 |       0 |   0.0
        D:6 |     905 |     866 |  48.9 |      13 |      10 |  43.5
        D:7 |    1769 |    1867 |  51.3 |      36 |      12 |  25.0
        D:8 |     661 |       0 |   0.0 |      26 |       0 |   0.0
        D:9 |    2164 |       0 |   0.0 |      22 |       0 |   0.0
       D:10 |    3577 |    1926 |  35.0 |      24 |      32 |  57.1
     Lair:1 |    4851 |    2891 |  37.3 |      15 |       6 |  28.6
     Lair:2 |    4358 |    5549 |  56.0 |      18 |      38 |  67.9
     Lair:3 |    3056 |     320 |   9.5 |       9 |       2 |  18.2
     Lair:4 |    3425 |     109 |   3.1 |      11 |       1 |   8.3
     Bailey |       0 |    1438 | 100.0 |       0 |      16 | 100.0
            +---------+---------+-------+---------+---------+-------
